 Dungeon Sprint DCSS version 0.17-a0-1184-gb75be8f (webtiles) character file.

2181 Kidiri the Fighter (level 9, -2/97 HPs)
             Began as a Troll Fighter on June 1, 2015.
             Was a Believer of Okawaru.
             Killed from afar by an orc sorcerer (31 damage)
             ... with a bolt of fire
             ... in the Dungeon (Sprint III: "The Ten Rune Challenge").
             The game lasted 00:10:07 (1322 turns).

Kidiri the Fighter (Troll Fighter)                  Turns: 1322, Time: 00:10:07

Health: -2/97      AC: -22   Str: 31 (32) XL:     9   Next: 11%
Magic:  9/9        EV: 12    Int:  3 (4)  God:    Okawaru [**....]
Gold:   31         SH: 11    Dex:  8 (9)  Spells: 0 memorised, 8 levels left

rFire  . . .     SeeInvis .     a - +0 flail
rCold  . . .     Clarity  .     b - +0 robe
rNeg   . . .     SustAt   .     c - +0 shield
rPois  .         Gourm    +     (helmet restricted)
rElec  .         Spirit   .     p - +0 cloak
rCorr  .         Warding  .     (gloves unavailable)
rMut   .         NoTele   +     (boots unavailable)
MR     .....                    (no amulet)
Stlth  +.........               (no ring)
                                l - +3 ring of strength

@: corroded equipment, very slightly contaminated, not resistant to hostile
enchantments, very unstealthy
A: unfitting armour, claws 3, hooves 1, blink 1, deterioration 1, fast
metabolism 3, gourmand, mutation resistance 1, sense surroundings 1,
regeneration 2, shaggy fur 1, tough skin 2
a: Blink, Heroism, Renounce Religion


You were in the Dungeon.
You worshipped Okawaru.
Okawaru was pleased with you.
You were very full.

You visited 1 branch You collected 31 gold pieces.

Inventory:

Hand weapons
 a - a +0 flail (weapon)
 o - a +3 quarterstaff of chaos
 y - a +0 giant spiked club
Armour
 b - a +0 robe (worn)
 c - a +0 shield (worn)
 p - a +0 cloak (worn)
Jewellery
 l - a +3 ring of strength (left claw)
Magical devices
 g - a wand of frost (25)
Scrolls
 k - a scroll of blinking
 q - a scroll of immolation {unknown}
 r - a scroll of random uselessness {unknown}
 s - 2 scrolls of enchant armour {unknown}
 v - a scroll of torment {unknown}
 w - a scroll of identify {unknown}
 x - 2 scrolls of remove curse
Potions
 i - 2 potions of magic
 n - 6 potions of cure mutation
 u - 2 potions of flight
Books
 d - a book of Maledictions

   Spells                             Type                      Level
   a - Corona                         Hexes                        1
   b - Ensorcelled Hibernation        Hexes/Ice                    2
   c - Confuse                        Hexes                        3
   d - Tukima's Dance                 Hexes                        3
   e - Dazzling Spray                 Conjuration/Hexes            3
 h - a book of Beasts

   Spells                             Type                      Level
   a - Summon Butterflies             Summoning                    1
   b - Call Canine Familiar           Summoning                    3
   c - Summon Ice Beast               Ice/Summoning                4
   d - Summon Mana Viper              Hexes/Summoning              5
   e - Summon Hydra                   Summoning                    7
Comestibles
 e - 2 bread rations
 j - a royal jelly
 t - 2 meat rations


   Skills:
 * Level 8.7 Fighting
 + Level 6.5 Maces & Flails
 * Level 8.2 Armour
 * Level 8.5 Dodging
 * Level 8.6 Shields
 + Level 2.2 Invocations


You had 8 spell levels left.
You didn't know any spells.

Dungeon Overview and Level Annotations

Branches:
Dungeon (1/1)

Altars:
Cheibriados
Dithmenos
Elyvilon
Fedhas
Gozag
Kikubaaqudgha
Makhleb
Nemelex Xobeh
Okawaru
Qazlal
Ru
Sif Muna
Trog
Vehumet
Xom
Yredelemnul
Zin
The Shining One
Jiyva
Lugonu

Shops:
D *


Innate Abilities, Weirdness & Mutations

You are too large for most types of armour.
You have claws for hands.
Your metabolism is lightning-fast.
You like to eat raw meat.
You heal very quickly.
You are covered in fur (AC +1).
You have very tough skin (AC +2).
You have large cloven feet.
You can translocate small distances at will.
Your body sometimes deteriorates upon taking damage.
You are somewhat resistant to further mutation.
You passively map a small area around you.


Message History

The rust devil corrodes you!
The orc sorcerer hits you with a dagger.
* * * LOW HITPOINT WARNING * * *
Read which item? (? for menu, Esc to quit)
Blink to where?
Press: ? - help, Dir - move target cursor You are very lightly contaminated with residual magic.
As you read the scroll of blinking, it crumbles to dust.
The rust devil barely misses you.
Items here: ))))))
The rust devil disappears in a puff of smoke!
There is an open door here.
You close the door.
Something unseen opens the door.
There is an open door here.
You close the door.
Something unseen opens the door.
The orc sorcerer casts a spell at you. The bolt of fire hits you!
You die...

▓▓ ▓▓▓ * .####
##.################
....#####..#___#__[#__#∩#$
..)..#..#..#.).#...#._#...,,,,
##...#..#..###'#'###)##$$ ,
###..##'#..#..........#$. , *
.##..###...'.⌠..@.....#4# *
##..####...#...######o#.# *
##..###....#.⌠.#__#...#o#########
#...##.....#...#__#...#....#.#.#.
....#......#'###__#...##.#..#.##.
..##)#.....#)).#__#...o##.#.#.##.
.. ####....#___#_.'...#.).#..#.)#
▓▓ * *▓▓▓▓▓▓▓▓▓▓▓▓▓▓▓▓▓▓▓▓▓▓▓▓▓▓▓
* , ≈≈ , , ,, ≈


You could see an orc sorcerer.

Vanquished Creatures
  Erolcha (D)
  A deep elf priest (D)
  A shadow (D)
  A spatial vortex (D)
  2 hill giants (D)
  A necrophage (D)
  3 two-headed ogres (D)
  A water elemental (D)
  A jelly (D)
  Crazy Yiuf (D)
  A wizard (D)
  Jessica (D)
  A necromancer (D)
  3 humans (D)
  A kobold demonologist (D)
  An ooze (D)
  2 rats (D)
23 creatures vanquished.

Vanquished Creatures (others)
  2 draconian scorchers (D)
  2 yaktaurs (D)
4 creatures vanquished.

Grand Total: 27 creatures vanquished

Notes
Turn   | Place    | Note
--------------------------------------------------------------
     0 | D        | Kidiri the Troll Fighter began the quest for the Orb.
     0 | D        | Reached XP level 1. HP: 22/22 MP: 0/0
    17 | D        | Reached skill level 1 in Armour
    32 | D        | Noticed Jessica
    36 | D        | Killed Jessica
    36 | D        | Reached skill level 3 in Fighting
    36 | D        | Reached XP level 2. HP: 29/31 MP: 1/1
    36 | D        | Reached XP level 3. HP: 34/37 MP: 2/2
   123 | D        | Noticed Crazy Yiuf
   137 | D        | Killed Crazy Yiuf
   137 | D        | Reached skill level 4 in Fighting
   137 | D        | Reached XP level 4. HP: 8/48 MP: 3/3
   201 | D        | Killed a yaktaur
   215 | D        | Killed a white draconian scorcher
   225 | D        | Gained mutation: You passively map a small area around you. [potion of mutation]
   225 | D        | Gained mutation: You can translocate small distances at will. [potion of mutation]
   225 | D        | Gained mutation: You have large cloven feet. [potion of mutation]
   226 | D        | Gained mutation: You are somewhat resistant to further mutation. [potion of mutation]
   226 | D        | Gained mutation: Your body sometimes deteriorates upon taking damage. [potion of mutation]
   231 | D        | Noticed a water elemental
   236 | D        | Killed a water elemental
   273 | D        | Found an iron altar of Okawaru.
   273 | D        | Found a bloodstained altar of Trog.
   273 | D        | Noticed a human
   275 | D        | Noticed a human
   310 | D        | Killed a human
   310 | D        | Reached skill level 5 in Fighting
   310 | D        | Reached skill level 5 in Dodging
   310 | D        | Reached skill level 5 in Shields
   310 | D        | Reached XP level 5. HP: 18/57 MP: 4/4
   310 | D        | Reached XP level 6. HP: 20/66 MP: 5/5
   311 | D        | Killed a human
   311 | D        | Reached skill level 6 in Fighting
   311 | D        | Reached skill level 5 in Armour
   326 | D        | Found a radiant altar of Vehumet.
   326 | D        | Found a deep blue altar of Sif Muna.
   326 | D        | Found an ancient bone altar of Kikubaaqudgha.
   326 | D        | Noticed a wizard
   328 | D        | Noticed a hellwing
   331 | D        | Killed a wizard
   432 | D        | Killed a yaktaur
   489 | D        | Found a basalt altar of Yredelemnul.
   489 | D        | Found a snail-covered altar of Cheibriados.
   489 | D        | Found a blossoming altar of Fedhas.
   489 | D        | Noticed a necrophage
   489 | D        | Noticed a necromancer
   493 | D        | Killed a necromancer
   501 | D        | Killed a necrophage
   501 | D        | Reached XP level 7. HP: 34/74 MP: 6/6
   561 | D        | Killed a white draconian scorcher
   677 | D        | Became a worshipper of Warmaster Okawaru
   686 | D        | Found a glowing silver altar of Zin.
   687 | D        | Found a glowing golden altar of the Shining One.
   687 | D        | Found a white marble altar of Elyvilon.
   687 | D        | Noticed a deep elf priest
   695 | D        | Killed a deep elf priest
   695 | D        | Reached skill level 7 in Fighting
   695 | D        | Reached skill level 5 in Maces & Flails
   729 | D        | Noticed a jelly
   736 | D        | Noticed a shadow
   736 | D        | Killed a jelly
   736 | D        | Acquired Okawaru's first power
   742 | D        | Killed a shadow
   755 | D        | Found a stormy altar of Qazlal.
   755 | D        | Found a sacrificial altar of Ru.
   755 | D        | Found a burning altar of Makhleb.
   755 | D        | Found a shimmering altar of Xom.
   756 | D        | Found a viscous altar of Jiyva.
   756 | D        | Found a shadowy altar of Dithmenos.
   756 | D        | Found a sparkling altar of Nemelex Xobeh.
   756 | D        | Found a corrupted altar of Lugonu.
   756 | D        | Found an opulent altar of Gozag.
   756 | D        | Noticed a spatial vortex
   779 | D        | Killed a spatial vortex
   779 | D        | Reached XP level 8. HP: 82/85 MP: 7/7
   788 | D        | Noticed a two-headed ogre
   788 | D        | Noticed a two-headed ogre
   790 | D        | Noticed a two-headed ogre
   794 | D        | Killed a two-headed ogre
   800 | D        | Killed a two-headed ogre
   809 | D        | Killed a two-headed ogre
  1011 | D        | Noticed a hill giant
  1022 | D        | Killed a hill giant
  1022 | D        | Reached skill level 8 in Fighting
  1110 | D        | Noticed a hill giant
  1110 | D        | Noticed Erolcha
  1121 | D        | Killed Erolcha
  1121 | D        | Reached XP level 9. HP: 93/95 MP: 7/9
  1134 | D        | Killed a hill giant
  1283 | D        | Found Jasuky's Assorted Antiques.
  1284 | D        | Noticed an orc sorcerer
  1291 | D        | Noticed a rust devil
  1294 | D        | Noticed a sixfirhy
  1299 | D        | Paralysed by an orc sorcerer for 5 turns
  1322 | D        | Killed from afar by an orc sorcerer

Vault maps used:
D:        dungeon_sprint_mu

Action                   |  1- 3 |  4- 6 |  7- 9 || total
-------------------------+-------+-------+-------++-------
Melee: Flail             |    27 |    42 |    86 ||   155
  Use: Potion            |     1 |     6 |     1 ||     8
       Scroll            |       |       |     1 ||     1
  Eat: Chunk             |     7 |     3 |     7 ||    17
